 Dungeon Crawl Stone Soup version 0.27-b1-23-g44b8eac545 (webtiles) character file.

Game seed: 9391955157094241658

3 hawla the Sneak (level 1, 0/13 HPs)
             Began as a Deep Elf Delver on July 27, 2021.
             Slain by a quokka (4 damage)
             ... on level 3 of the Dungeon.
             The game lasted 00:01:26 (181 turns).

hawla the Sneak (Deep Elf Delver)                    Turns: 181, Time: 00:01:27

Health: 0/13       AC:  3    Str:  9    XL:     1   Next: 41%
Magic:  3/3        EV: 12    Int: 14    God:
Gold:   10         SH:  0    Dex: 16    Spells: 0/0 levels left

rFire    . . .     SeeInvis .   a - +0 short sword
rCold    . . .     Faith    .   (no shield)
rNeg     . . .     Spirit   .   b - +0 leather armour
rPois    .         Reflect  .   (no helmet)
rElec    .         Harm     .   (no cloak)
rCorr    .         Rampage  .   (no gloves)
Will     .....                  (no boots)
Stlth    +++.......             (no amulet)
HPRegen  0.04/turn              (no ring)
MPRegen  0.08/turn              (no ring)

@: no status effects
A: no striking features
a: no special abilities


You were on level 3 of the Dungeon.
You visited 1 branch of the dungeon, and saw 3 of its levels.

You collected 10 gold pieces.

Inventory:

Hand Weapons
 a - a +0 short sword (weapon)
Armour
 b - a +0 leather armour (worn)
Wands
 g - a wand of digging (3)
 j - a wand of flame (18)
Scrolls
 c - a scroll of fog
 d - a scroll of magic mapping
 e - a scroll of fear
 i - a scroll of identify {unknown}
Potions
 f - 2 potions of haste
 h - a potion of invisibility {unknown}


   Skills:
 + Level 2.4 Fighting
 + Level 2.0 Short Blades
 + Level 2.4 Dodging
 + Level 6.2 Stealth


You couldn't memorise any spells.
You didn't know any spells.
Your spell library contained the following spells:

 Spells                   Type           Power      Damage    Failure   Level
 Animate Skeleton         Necr           0%         N/A       38%         1
 Pain                     Necr           0%         1d4       38%         1
 Vampiric Draining        Necr           0%         2d6       77%         3


Dungeon Overview and Level Annotations

Branches:
Dungeon (5/15)
 Temple: D:4-7

Altars:


Message History

Okay, then.
Okay, then.
You climb upwards.
Found a ring mail.
There is a stone staircase leading down here.
You see here a +0 ring mail.
Found a stone staircase leading down.
Found a faded altar of an unknown god.
A quokka comes into view.
A quokka is nearby!
A quokka is nearby!
An adder comes into view.
The adder hisses angrily.
The adder bites you.
You are poisoned.
The adder poisons you!
You barely miss the adder.
You feel sick. The adder barely misses you.
The adder bites you but does no damage.
You hit the adder.
The adder is moderately wounded.
You feel sick. The adder barely misses you.
You hit the adder.
The adder is severely wounded.
You feel sick. The adder misses you.
You closely miss the adder.
The adder is severely wounded.
You feel sick. The adder bites you but does no damage.
The quokka bites you but does no damage.
You miss the adder.
The adder is severely wounded.
You feel sick.
You are no longer poisoned.
The adder barely misses you. The quokka bites you.
The adder closely misses you.
You are too injured to fight recklessly!
The quokka closely misses you.
You hit the quokka.
The quokka is moderately wounded.
The adder misses you. The quokka bites you.
You die...

#...........
#..........
#........###
#...........
#.........# #.........#
#.........# #..Sr....##
+...@....# ##........#
###+####...♣........
#..........P...####.
+........♣.♣_P.#
.####........♣P.♣.....
......>.......♣PP♣....
#####[.........♣♣......
...............# ......


You could see an adder and a quokka.

Vanquished Creatures
  An adder skeleton (D:4)
1 creature vanquished.

Notes
Turn   | Place    | Note
-------+----------+-------------------------------------------
     0 | D:5      | hawla the Deep Elf Delver began the quest for the Orb.
     0 | D:5      | Reached XP level 1. HP: 13/13 MP: 3/3
   133 | D:4      | Noticed a hound
   163 | D:3      | Found a faded altar of an unknown god.
   181 | D:3      | Slain by a quokka

Illustrated notes

Levels and vault maps discovered:
D:3:      layout_basic, ebering_ecumenical_altar_petrified
D:4:      layout_loops_cross, minmay_temple_entry_grid, uniq_grinder
D:5:      layout_basic, minmay_fractal_squares_5, uniq_pikel, uniq_duvessa

Action                   || total
-------------------------++-------
Melee: Short sword       ||    15
Armor: Leather armour    ||     4
Dodge: Dodged            ||    16
